 Dungeon Crawl Stone Soup version 0.20-a0-556-g892c87b (console) character file.

3948 nht the Slicer (level 10, -9/90 HPs)
             Began as a Minotaur Assassin on Feb 5, 2017.
             Was a High Priest of Okawaru.
             Mangled by Train's ghost (23 damage)
             ... on level 8 of the Dungeon.
             The game lasted 00:14:13 (6642 turns).

nht the Slicer (Minotaur Assassin)                  Turns: 6642, Time: 00:14:14

Health: -9/90      AC:  5    Str: 15      XL:     10   Next: 2%
Magic:  18/18      EV: 12    Int:  9 (10) God:    Okawaru [*****.]
Gold:   320        SH:  3    Dex: 16      Spells: 9/9 levels left

rFire    . . .     SeeInvis .   m - +2 short sword (vamp)
rCold    . . .     Gourm    .   c - +0 robe
rNeg     . . .     Faith    .   (no shield)
rPois    .         Spirit   .   (helmet restricted)
rElec    .         Reflect  +   d - +1 cloak
rCorr    .         Harm     .   g - +0 pair of gloves
MR       .....                  (no boots)
Stlth    ++........             y - +3 amulet of reflection
Regen    0.3/turn               v - ring of wizardry
                                w - ring of magical power

@: very slightly contaminated, invisible
A: retaliatory headbutt, horns 2, clever 1, robust 2, wild magic 1
a: Heroism, Finesse, Renounce Religion


You were on level 8 of the Dungeon.
You worshipped Okawaru.
Okawaru was extremely pleased with you.
You were not hungry.

You visited 1 branch of the dungeon, and saw 8 of its levels.
You also visited: Ossuary.

You collected 320 gold pieces.

Inventory:

Hand Weapons
 a - a +2 dagger of protection
 b - a +1 blowgun
 m - a +2 vampiric short sword (weapon)
 n - a cursed +3 falchion
 K - a +0 long sword
 U - a +3 falchion
Missiles
 e - 24 poisoned needles
 f - 2 curare-tipped needles
 F - a throwing net (quivered)
 G - 5 tomahawks
Armour
 c - a +0 robe (worn)
 d - a +1 cloak (worn)
 g - a +0 pair of gloves (worn)
Jewellery
 v - a ring of wizardry (right hand)
 w - a ring of magical power (left hand)
 y - a +3 amulet of reflection (around neck)
 z - an uncursed amulet of the gourmand {unknown}
 D - the amulet of Xom's Favour {RegenMP rElec rPois Str-5 SInv}
   (You found it on level 6 of the Dungeon)

   [amulet of magic regeneration]

   It increases your magic regeneration.
   It affects your strength (-5).
   It insulates you from electricity.
   It protects you from poison.
   It lets you see invisible.
 M - an uncursed ring of positive energy {unknown}
Wands
 p - a wand of polymorph (5/24)
 q - a wand of random effects (0/48)
 t - a wand of iceblast (0/15)
 I - a wand of clouds (3/9)
 J - a wand of flame (25/48)
 O - a wand of acid (10/15)
 S - a wand of flame (31/48)
 T - a wand of enslavement (19/24)
Scrolls
 s - a scroll of blinking
 N - a scroll of enchant armour
 R - 2 scrolls of amnesia
Potions
 h - a potion of brilliance
 j - 8 potions of curing
 l - 2 potions of mutation
 r - a potion of ambrosia
 x - 2 potions of agility
 A - 2 potions of haste
 B - 2 potions of heal wounds
 H - a potion of degeneration
Comestibles
 k - 4 royal jellies
 o - 4 bread rations
 u - 4 chunks of flesh
 L - 2 meat rations


   Skills:
 + Level 2.9 Fighting
 - Level 12.0 Short Blades
 + Level 9.3 Throwing
 - Level 1.1 Dodging
 + Level 3.3 Stealth
 + Level 1.1 Invocations


You had 9 spell levels left.
You didn't know any spells.

Dungeon Overview and Level Annotations

Branches:
Dungeon (8/15)             Temple (0/1) D:5            Lair (0/6) D:8

Altars:
Cheibriados
Fedhas
Hepliaklqana
Okawaru
Trog
Zin

Annotations:
D:8 Train's ghost, novice BaFi


Innate Abilities, Weirdness & Mutations

You reflexively headbutt those who attack you in melee.
You have a pair of horns on your head.
Your mind is acute. (Int +2)
You are very robust. (+20% HP)
Your spells are a little harder to cast, but a little more powerful.


Message History

Train's ghost is engulfed in freezing vapours.
Train's ghost hits you!!
You closely miss Train's ghost.
Train's ghost is lightly damaged.
Okay, then.
You fade into invisibility!
Train's ghost hits you!!
You are very lightly contaminated with residual magic.
You barely miss Train's ghost.
Train's ghost is lightly damaged.
Train's ghost is engulfed in freezing vapours.
Train's ghost hits you!!
* * * LOW HITPOINT WARNING * * *
You completely miss Train's ghost.
Train's ghost is heavily damaged.
You strike the helpless Train's ghost from behind!
You puncture Train's ghost!
Train's ghost is heavily damaged.
Train's ghost hits you!!
You die... █████████████████████████████

█>...........................
.███...█████████████████████
█...███████ ██........█
█...██[...███.........)..
.███...██........██........█
█....[............███████████
█.███...█..)).....█ █...
█...█..[@W§§.█████████.██
..........§§§§............
████████....█§§<.███████.██
██████.§..███████.█
█...'....█.......█
█.███..(.█.███████
█/███....█.████
█....█████....█ ███████.█
████.███


You could see Train's ghost.

Vanquished Creatures
  A two-headed ogre (D:8)
  The ghost of TotoDurand the Skirmisher, an amateur DrFi (D:4)
  A hippogriff (D:7)
  2 wraiths (Ossuary)
  Sigmund (D:4)
  A hungry ghost (D:8)
  A water moccasin (D:5)
  An ice beast (D:8)
  2 sky beasts
  A phantom (D:4)
  2 centaurs
  2 bullfrogs
  A gnoll sergeant (D:6)
  3 scorpions
  3 wights (Ossuary)
  2 howler monkeys (D:7)
  A crimson imp (D:5)
  3 centaur zombies
  A quasit (D:7)
  A hound (D:6)
  2 orc priests
  2 orc wizards
  2 bullfrog skeletons
  2 jellies (D:6)
  Jessica (D:2)
  Ijyb (D:3)
  Natasha (D:2)
  7 worker ants
  A mummy (D:7)
  Robin (D:2)
  9 gnolls (D:6)
  A howler monkey skeleton (D:6)
  15 adders
  4 oozes
  4 adder zombies
  3 adder skeletons
  2 worms
  2 dart slugs
  2 leopard geckos (D:4)
  23 orcs
  A ball python (D:1)
  8 giant cockroaches
  19 goblins
  9 hobgoblins
  20 jackals
  2 quokkas
  7 bats
  8 frilled lizards
  2 hobgoblin skeletons (Ossuary)
  7 kobolds
  2 kobold zombies (Ossuary)
  An orc skeleton (Ossuary)
  5 rats
207 creatures vanquished.

Notes
Turn   | Place    | Note
-------+----------+-------------------------------------------
     0 | D:1      | nht the Minotaur Assassin began the quest for the Orb.
     0 | D:1      | Reached XP level 1. HP: 18/18 MP: 0/0
    52 | D:1      | Reached skill level 3 in Short Blades
    52 | D:1      | Reached XP level 2. HP: 20/25 MP: 1/1
   472 | D:1      | Reached XP level 3. HP: 30/30 MP: 2/2
   597 | D:1      | Reached skill level 4 in Short Blades
   851 | D:2      | Noticed Jessica
   858 | D:2      | Reached XP level 4. HP: 35/37 MP: 3/3
   861 | D:2      | Killed Jessica
   861 | D:2      | Reached skill level 5 in Short Blades
   951 | D:2      | Noticed Robin
   991 | D:2      | Killed Robin
  1048 | D:2      | Noticed Natasha
  1064 | D:2      | Killed Natasha
  1064 | D:2      | Reached skill level 6 in Short Blades
  1064 | D:2      | Reached XP level 5. HP: 17/42 MP: 4/4
  1278 | D:3      | Noticed Ijyb
  1295 | D:3      | Killed Ijyb
  1606 | D:3      | Found an iron altar of Okawaru.
  1606 | D:3      | Found a hazy altar of Hepliaklqana.
  1764 | D:3      | Became a worshipper of Warmaster Okawaru
  1867 | D:3      | Found a bloodstained altar of Trog.
  1891 | D:3      | Reached skill level 7 in Short Blades
  1891 | D:3      | Reached XP level 6. HP: 50/50 MP: 5/5
  2188 | D:4      | Noticed Sigmund
  2191 | D:4      | Killed Sigmund
  2191 | D:4      | Reached skill level 8 in Short Blades
  2259 | D:4      | Noticed TotoDurand's ghost (amateur DrFi)
  2265 | D:4      | Killed TotoDurand's ghost
  2265 | D:4      | Reached * piety under Okawaru
  2265 | D:4      | Reached skill level 9 in Short Blades
  2265 | D:4      | Reached XP level 7. HP: 49/56 MP: 6/6
  2495 | D:4      | Reached ** piety under Okawaru
  2802 | D:4      | Reached skill level 10 in Short Blades
  3227 | D:4      | Reached XP level 8. HP: 37/62 MP: 7/7
  3274 | D:5      | Entered Level 5 of the Dungeon
  3535 | D:5      | Found a staircase to the Ecumenical Temple.
  3877 | D:5      | Reached skill level 11 in Short Blades
  4388 | D:6      | Found a blossoming altar of Fedhas.
  4398 | D:6      | Got a clouded emerald amulet
  4492 | D:6      | Reached *** piety under Okawaru
  4541 | D:6      | Found a snail-covered altar of Cheibriados.
  4553 | D:6      | Found a glowing silver altar of Zin.
  4621 | D:6      | Reached skill level 12 in Short Blades
  5304 | D:7      | Identified the amulet of Xom's Favour {RegenMP rElec rPois Str-5 SInv} (You found it on level 6 of the Dungeon)
  5325 | D:7      | Reached XP level 9. HP: 66/68 MP: 8/8
  5465 | D:7      | Reached skill level 5 in Throwing
  5614 | D:7      | Found a sand-covered staircase.
  5621 | D:7      | Reached **** piety under Okawaru
  5624 | Ossuary  | Entered an ossuary
  5800 | Ossuary  | Gained mutation: Your mind is acute. (Int +2) [potion of mutation]
  5800 | Ossuary  | Gained mutation: Your spells are a little harder to cast, but a little more powerful. [potion of mutation]
  5800 | Ossuary  | Gained mutation: You are robust. (+10% HP) [potion of mutation]
  5828 | Ossuary  | Gained mutation: You are very robust. (+20% HP) [potion of beneficial mutation]
  6270 | D:8      | Noticed a two-headed ogre
  6280 | D:8      | Killed a two-headed ogre
  6339 | D:8      | Noticed Train's ghost (novice BaFi)
  6436 | D:8      | Reached ***** piety under Okawaru
  6491 | D:8      | Reached XP level 10. HP: 52/90 MP: 9/9
  6508 | D:8      | Found a staircase to the Lair.
  6618 | D:8      | Reached skill level 1 in Invocations
  6642 | D:8      | Mangled by Train's ghost

Vault maps used:
D:1:      dpeg_arrival_court, minmay_ruptured
D:2:      uniq_jessica, uniq_natasha, uniq_robin
D:3:      gammafunk_temple_overflow_elements, first_bread,
          minmay_misc_feat_diagonals, trog_butcher_becter, uniq_iyjb
D:4:      kennysheep_goblin_castle, uniq_sigmund
D:5:      minmay_temple_entry_glass
D:6:      amethyst_overflow_temple_binary, lemuel_doored_altar
D:7:      gup_ossuary_entry_pyramid
D:8:      lair_entry_dummy
Ossuary:  ossuary_due_cavern

Skill      XL: |  1  2  3  4  5  6  7  8  9 10 |
---------------+-------------------------------+-----
Short Blades   | 3 4 6 7 9 10 12 | 12.0
Throwing       | 4 9 |  9.3
Invocations    | 1 |  1.1
Fighting       | |  2.9
Dodging        | |  1.1
Stealth        | |  3.3

Action                   |  1- 3 |  4- 6 |  7- 9 | 10-12 || total
-------------------------+-------+-------+-------+-------++-------
Melee: Dagger            |    17 |       |       |       ||    17
       Headbutt          |     7 |    25 |    75 |     2 ||   109
       Short sword       |    36 |   144 |   422 |    26 ||   628
Throw: Tomahawk          |       |       |     2 |       ||     2
       Throwing net      |       |       |     1 |       ||     1
Evoke: Wand              |       |     5 |    12 |     1 ||    18
  Use: Scroll            |       |     4 |    13 |     1 ||    18
       Potion            |       |       |    17 |     1 ||    18
 Stab: Sleeping          |     9 |     4 |    26 |       ||    39
       Distracted        |       |       |     1 |       ||     1
       Held in net/web   |       |       |     2 |       ||     2
       Invisible         |       |       |       |     1 ||     1
  Eat: Bread ration      |     1 |       |       |       ||     1
       Chunk             |       |     4 |    11 |     2 ||    17
       Meat ration       |       |       |     1 |       ||     1
Armor: Robe              |     6 |    32 |    44 |     1 ||    83
       Skin              |       |       |     2 |       ||     2
Dodge: Dodged            |    31 |    72 |   137 |     9 ||   249
Block: Other             |       |       |    22 |       ||    22
       Reflection        |       |       |     1 |       ||     1
